 Dungeon Crawl Stone Soup version 0.22.0 (webtiles) character file.

552 Blackhawk the Shield-Bearer (level 7, -11/60 HPs)
             Began as a Gnoll Fighter on Oct 21, 2018.
             Mangled by an orc warrior
             ... wielding a +0 scimitar
              (12 damage)
             ... on level 5 of the Dungeon.
             The game lasted 00:07:02 (3277 turns).

Blackhawk the Shield-Bearer (Gnoll Fighter)         Turns: 3277, Time: 00:07:03

Health: -11/60     AC: 14    Str: 20    XL:     7   Next: 29%
Magic:  10/10      EV:  6    Int: 10    God:
Gold:   206        SH: 11    Dex: 15    Spells: 10/10 levels left

rFire    . . .     SeeInvis .   p - -2 mace (curse)
rCold    . . .     Gourm    .   c - +0 shield
rNeg     . . .     Faith    .   w - +0 plate armour
rPois    .         Spirit   .   (no helmet)
rElec    .         Reflect  .   u - +0 cloak (curse)
rCorr    .         Harm     .   (no gloves)
MR       .....                  (no boots)
Stlth    ..........             (no amulet)
HPRegen  0.20/turn              (no ring)
MPRegen  0.12/turn              (no ring)

@: slowed, very slow
A: distributed training, fangs 1, strong nose
a: no special abilities


You were on level 5 of the Dungeon.
You were hungry.

You visited 1 branch of the dungeon, and saw 6 of its levels.

You collected 206 gold pieces.

Inventory:

Hand Weapons
 a - a +1 war axe
 p - a cursed -2 mace (weapon)
 t - a +0 hunting sling
 z - a cursed -1 scythe
Armour
 b - a +0 scale mail
 c - a +0 shield (worn)
 u - a cursed +0 cloak (worn)
 w - a +0 plate armour (worn)
Jewellery
 h - an uncursed ring of fire {unknown}
 k - a +4 ring of strength {unknown}
 l - an uncursed ring of protection from magic {unknown}
 m - an uncursed amulet of the gourmand {unknown}
 C - a cursed amulet of inaccuracy {unknown}
Wands
 y - a wand of random effects (21)
 A - a wand of paralysis (10)
Scrolls
 g - a scroll of holy word {unknown}
 s - a scroll of magic mapping
 v - a scroll of random uselessness {unknown}
 x - a scroll of teleportation
 B - 2 scrolls of remove curse {unknown}
Potions
 d - 3 potions of might
 e - a potion of magic {unknown}
 i - 2 potions of heal wounds {unknown}
 j - a potion of cancellation {unknown}
 n - a potion of brilliance {unknown}
 o - 4 potions of curing {unknown}
 q - a potion of mutation {unknown}
 r - 2 potions of flight {unknown}
 D - a potion of invisibility {unknown}
Comestibles
 f - 2 rations


   Skills:
 + Level 7.0 Fighting
 + Level 2.3 Short Blades
 + Level 2.3 Long Blades
 + Level 5.2 Axes
 + Level 2.3 Maces & Flails
 + Level 2.3 Polearms
 + Level 2.3 Staves
 + Level 2.3 Slings
 + Level 2.3 Bows
 + Level 2.3 Crossbows
 + Level 2.3 Throwing
 + Level 7.0 Armour
 + Level 2.3 Dodging
 + Level 2.3 Stealth
 + Level 7.0 Shields
 + Level 2.3 Unarmed Combat
 + Level 2.3 Spellcasting
 + Level 1.9 Conjurations
 + Level 1.9 Hexes
 + Level 1.9 Charms
 + Level 1.9 Summonings
 + Level 1.9 Necromancy
 + Level 1.9 Translocations
 + Level 1.9 Transmutations
 + Level 1.9 Fire Magic
 + Level 1.9 Ice Magic
 + Level 1.9 Air Magic
 + Level 1.9 Earth Magic
 + Level 1.9 Poison Magic
 + Level 2.6 Invocations
 + Level 2.3 Evocations


You had 10 spell levels left.
You didn't know any spells.
Your spell library was empty.

Dungeon Overview and Level Annotations

Branches:
Dungeon (6/15)
 Temple: D:4-7

Altars:
Makhleb


Innate Abilities, Weirdness & Mutations

Your experience applies equally to all skills.
You have very sharp teeth.
Your uncanny sense of smell can sniff out nearby items.


Message History

You hit the orc wizard.
The orc wizard is severely wounded.
The orc wizard hits you but does no damage.
You block the orc warrior's attack.
The orc wizard hits you but does no damage.
The orc wizard barely misses you. You block the orc warrior's attack.
You hit the orc wizard but do no damage.
You bite the orc wizard.
The orc wizard is almost dead.
The orc wizard gestures at you while chanting.
The magic dart hits you!
The orc wizard casts a spell.
The orc wizard blinks!
The orc warrior hits you with a scimitar.
* * * LOW HITPOINT WARNING * * *
The crimson imp blinks!
You hit the orc. You bite the orc.
You kill the orc!
The orc warrior hits you with a scimitar!
You die...

### ##$.# ###
.?... #.#
......#.#
......#.##
..)....5h##
.......hoo###
........#)@.### .
###...o.###..o####
.. ###...#
####...### ##..
#.####
###...####...# #.#
####.....# #.#
###..## ∆.# ##.#
#.## #..#


You could see an orc warrior, an orc wizard, a crimson imp, an orc and 2
jackals.

Vanquished Creatures
  Sigmund (D:3)
  A hungry ghost (D:5)
  An orc priest (D:3)
  A hound (D:3)
  An iguana (D:4)
  3 adders
  3 gnolls (D:4)
  3 worms
  A dart slug (D:2)
  4 leopard geckos
  19 orcs
  3 giant cockroaches (D:2)
  7 hobgoblins
  7 jackals
  2 quokkas
  A ball python (D:1)
  7 bats
  8 frilled lizards
  6 goblins
  7 kobolds
  A leopard gecko skeleton (D:4)
  4 rats
91 creatures vanquished.

Vanquished Creatures (others)
  10 toadstools (D:4)
10 creatures vanquished.

Grand Total: 101 creatures vanquished

Notes
Turn   | Place    | Note
-------+----------+-------------------------------------------
     0 | D:1      | Blackhawk the Gnoll Fighter began the quest for the Orb.
     0 | D:1      | Reached XP level 1. HP: 23/23 MP: 1/1
    79 | D:1      | Reached XP level 2. HP: 25/29 MP: 2/2
   329 | D:1      | Reached XP level 3. HP: 35/35 MP: 3/3
   398 | D:2      | Found a faded altar of an unknown god.
   512 | D:2      | Reached skill level 1 in Invocations
   607 | D:2      | Reached skill level 1 in Short Blades
   607 | D:2      | Reached skill level 1 in Long Blades
   607 | D:2      | Reached skill level 1 in Maces & Flails
   607 | D:2      | Reached skill level 1 in Polearms
   607 | D:2      | Reached skill level 1 in Staves
   607 | D:2      | Reached skill level 1 in Slings
   607 | D:2      | Reached skill level 1 in Bows
   607 | D:2      | Reached skill level 1 in Crossbows
   607 | D:2      | Reached skill level 1 in Throwing
   607 | D:2      | Reached skill level 1 in Dodging
   607 | D:2      | Reached skill level 1 in Stealth
   607 | D:2      | Reached skill level 1 in Unarmed Combat
   607 | D:2      | Reached skill level 1 in Spellcasting
   607 | D:2      | Reached skill level 1 in Evocations
   635 | D:2      | Reached XP level 4. HP: 38/41 MP: 5/5
  1726 | D:3      | Reached skill level 1 in Conjurations
  1726 | D:3      | Reached skill level 1 in Hexes
  1726 | D:3      | Reached skill level 1 in Charms
  1726 | D:3      | Reached skill level 1 in Summonings
  1726 | D:3      | Reached skill level 1 in Necromancy
  1726 | D:3      | Reached skill level 1 in Translocations
  1726 | D:3      | Reached skill level 1 in Transmutations
  1726 | D:3      | Reached skill level 1 in Fire Magic
  1726 | D:3      | Reached skill level 1 in Ice Magic
  1726 | D:3      | Reached skill level 1 in Air Magic
  1726 | D:3      | Reached skill level 1 in Earth Magic
  1726 | D:3      | Reached skill level 1 in Poison Magic
  1726 | D:3      | Reached XP level 5. HP: 29/47 MP: 6/6
  2083 | D:3      | Noticed Sigmund
  2123 | D:3      | Killed Sigmund
  2123 | D:3      | Reached XP level 6. HP: 40/53 MP: 8/8
  2141 | D:3      | Found a burning altar of Makhleb.
  2157 | D:3      | Reached skill level 5 in Axes
  2881 | D:4      | You fall through a shaft for 2 floors!
  2899 | D:6      | Noticed a hungry ghost
  2923 | D:5      | Entered Level 5 of the Dungeon
  2991 | D:5      | Paralysed by fainting for 8 turns
  3057 | D:5      | Killed a hungry ghost
  3057 | D:5      | Reached XP level 7. HP: 56/60 MP: 10/10
  3276 | D:5      | HP: 1/60 [orc warrior/scimitar (6)]
  3277 | D:5      | Mangled by an orc warrior

Skill      XL: |  1  2  3  4  5  6 |
---------------+-------------------+-----
Invocations    | 1 2 |  2.6
Short Blades   | 1 2 |  2.3
Long Blades    | 1 2 |  2.3
Maces & Flails | 1 2 |  2.3
Polearms       | 1 2 |  2.3
Staves         | 1 2 |  2.3
Slings         | 1 2 |  2.3
Bows           | 1 2 |  2.3
Crossbows      | 1 2 |  2.3
Throwing       | 1 2 |  2.3
Dodging        | 1 2 |  2.3
Stealth        | 1 2 |  2.3
Unarmed Combat | 1 2 |  2.3
Spellcasting   | 1 2 |  2.3
Evocations     | 1 2 |  2.3
Conjurations   | 1 |  1.9
Hexes          | 1 |  1.9
Charms         | 1 |  1.9
Summonings     | 1 |  1.9
Necromancy     | 1 |  1.9
Translocations | 1 |  1.9
Transmutations | 1 |  1.9
Fire Magic     | 1 |  1.9
Ice Magic      | 1 |  1.9
Air Magic      | 1 |  1.9
Earth Magic    | 1 |  1.9
Poison Magic   | 1 |  1.9
Axes           | 5 |  5.2
Fighting       | 7 |  7.0
Armour         | 7 |  7.0
Shields        | 7 |  7.0

Action                   |  1- 3 |  4- 6 |  7- 9 || total
-------------------------+-------+-------+-------++-------
Melee: War axe           |    75 |       |       ||    75
       Bite              |     7 |    53 |     8 ||    68
       Mace              |    37 |   372 |    72 ||   481
  Use: Scroll            |     3 |     2 |       ||     5
  Eat: Chunk             |       |     9 |     2 ||    11
       Ration            |       |     7 |       ||     7
Armor: Scale mail        |    73 |    14 |       ||    87
       Plate armour      |       |   220 |    66 ||   286
Dodge: Dodged            |    33 |    68 |    31 ||   132
Block: Shield            |    60 |   212 |    83 ||   355
